 Dungeon Crawl Stone Soup version 0.31.0-11-ge490571c62 (webtiles) character file.

Game seed: 9264609182690216155

3572 stipulation the Purveyor of Pain (level 10, -1/44 HPs)
             Began as a Vine Stalker Necromancer on Jan 29, 2024.
             Was an Initiate of Kikubaaqudgha.
             Killed from afar by a steam dragon (15 damage)
             ... with a ball of steam
             ... on level 8 of the Dungeon.
             The game lasted 00:16:05 (8783 turns).

stipulation the Purveyor of Pain (VSNe)             Turns: 8783, Time: 00:16:05

Health: -1/44      AC:  5    Str: 12    XL:     10   Next: 9%
Magic:  0/24       EV: 12    Int: 19    God:    Kikubaaqudgha [......]
Gold:   242        SH:  0    Dex: 14    Spells: 14/27 levels left

rFire   . . .        o - staff of death
rCold   . . .        (no shield)
rNeg    + . .        r - +1 robe {Will+}
rPois   .            B - +0 helmet
rElec   .            A - +0 cloak
rCorr   .            (no gloves)
SInv    .            (no boots)
Will    +++..        (no amulet)
Stlth   ++           c - ring of willpower
HPRegen 1.07/turn    t - ring of wizardry
MPRegen 0.19/turn

%: guardian spirit, wizardry (x1)
@: no status effects
A: fangs 3, regeneration 1, magic shield, antimagic bite, no potion heal 2
a: Renounce Religion


You were on level 8 of the Dungeon.
You worshipped Kikubaaqudgha.
Kikubaaqudgha was noncommittal.
You visited 2 branches of the dungeon, and saw 9 of its levels.

You collected 411 gold pieces.
You spent 169 gold pieces at shops.

Inventory:

Hand Weapons
 g - a +0 dagger
 q - a +0 dagger
Armour
 a - a +0 robe
 i - a scarf of invisibility
 r - a +1 robe of willpower (worn)
 A - a +0 cloak (worn)
 B - a +0 helmet (worn)
Magical Staves
 o - a staff of death (weapon)
Jewellery
 c - a ring of willpower (left hand)
 l - a ring of positive energy
 t - a ring of wizardry (right hand)
 v - a ring of resist corrosion
 F - a ring of willpower
Wands
 z - a wand of flame (12)
 D - a wand of acid (7)
 E - a wand of iceblast (6)
Scrolls
 e - 3 scrolls of fog
 f - 5 scrolls of identify
 h - a scroll of poison
 k - 2 scrolls of fear
 m - 4 scrolls of teleportation
 u - a scroll of enchant weapon
 y - 2 scrolls of vulnerability {unknown}
 I - 3 scrolls of blinking {unknown}
 J - a scroll of noise {unknown}
 K - a scroll of immolation {unknown}
 L - a scroll of revelation {unknown}
Potions
 b - a potion of magic
 d - 3 potions of curing
 j - a potion of brilliance {unknown}
 n - 2 potions of degeneration {unknown}
 p - 4 potions of heal wounds {unknown}
 s - 2 potions of haste
 w - a potion of lignification {unknown}
 x - 2 potions of resistance {unknown}
 C - a potion of might {unknown}
 G - a potion of attraction {unknown}
 H - 2 potions of cancellation {unknown}


   Skills:
 - Level 4.0 Staves
 - Level 1.5 Dodging
 - Level 2.4 Stealth
 + Level 9.2 Spellcasting
 + Level 9.8 Necromancy
 - Level 4.0 Evocations


You had 14 spell levels left.
You knew the following spells:

 Your Spells              Type           Power      Damage    Failure   Level
a - Necrotise             Necr           100%       1d9       1%          1
b - Vampiric Draining     Necr           62%        2d10      1%          3
c - Animate Dead          Necr           62%        N/A       1%          4
d - Curse of Agony        Necr           62%        N/A       1%          5

Your spell library contained the following spells:

 Spells                   Type           Power      Damage    Failure   Level
 Martyr's Knell           Necr/Summ      41%        N/A       4%          4
 Malign Gateway           Summ/Tloc      4%         N/A       100%        7
 Summon Horrible Things   Summ           4%         N/A       100%        8


Dungeon Overview and Level Annotations

Branches:
Dungeon (8/15)             Temple (1/1) D:7            Lair (0/5) D:8

Altars:
Ashenzari
Cheibriados
Dithmenos
Elyvilon
Fedhas
Gozag
Hepliaklqana
Kikubaaqudgha
Makhleb
Nemelex Xobeh
Okawaru
Qazlal
Ru
Sif Muna
Trog
Uskayaw
Vehumet
Wu Jian
Xom
Yredelemnul
Zin
The Shining One

Shops:
D:2 !   D:3 [   D:4 [   D:7 *

Annotations:
D:6 2 runed translucent doors


Innate Abilities, Weirdness & Mutations

You have razor-sharp teeth.
Your natural rate of healing is unusually fast.
When hurt, damage is shared between your health and your magic reserves.
Your bite disrupts and absorbs the magic of your enemies.
Potions cannot restore your health.


Message History

Aim: an electric eel (heavily wounded, ally target, 53% to hit)
The puff of flame hits the electric eel.
The electric eel is heavily wounded.
A nearby plant withers and dies.
The electric eel is engulfed in a cloud of scalding steam.
You kill the electric eel!
Kikubaaqudgha accepts your kill.
You hear a splash.
Your yak zombie gores the ice beast!
A bolt of electricity appears from out of your range of vision.
The bolt of electricity hits the plant!
The bolt of electricity hits your yak zombie!
The ice beast hits your yak zombie. The ice beast freezes your yak zombie.
Your yak zombie resists.
A steam dragon and an electric eel come into view.
The steam dragon hisses angrily.
A nearby plant withers and dies.
Your yak zombie gores the ice beast.
Your yak zombie gores the ice beast but does no damage.
The ice beast hits your yak zombie. The ice beast freezes your yak zombie.
Your yak zombie resists.
The electric eel shoots out a bolt of lightning at you!
The bolt of electricity hits you!
The electric eel shoots out a bolt of lightning at you!
The bolt of electricity hits you!
* * * LOW HITPOINT WARNING * * *
The steam dragon breathes steam at you. The ball of steam hits you.
* * * LOW HITPOINT WARNING * * *
The steam dragon moves out of view.
Your yak zombie closely misses the ice beast.
The ice beast hits your yak zombie but does no damage.
Your yak zombie gores the ice beast.
Your yak zombie is engulfed in a cloud of scalding steam.
The steam dragon breathes steam at you. The ball of steam hits your yak zombie!
Your yak zombie is destroyed!
The ball of steam hits your yak zombie!!
The ball of steam hits you!!
You die...
Kikubaaqudgha rasps: "You have failed me!
Welcome... death!"

~≈~~~†≈..~~~S≈≈
~~.PY...S§~~D~~
.......Z.D§.~~~P #.#
.#.####Y.# #.# .....##Z#
####.# #..#.##.# <.#.#
#..#.##§# #.#.#
#..#.##§#
#.#.#####..#.##@####.#.
##......................
............##########..
.#Z...#####Z# .#Z####
#.# .#..# #># ## #..#.#
#.# .. ....## #.# .##
..#.### #.##...#


There were no monsters in sight!

Vanquished Creatures
  9 yaks (D:8)
  A wyvern (D:7)
  3 water moccasins
  2 ice beasts (D:5)
  An orc warrior (D:8)
  A black bear (D:7)
  A centaur (D:6)
  2 bullfrogs (D:7)
  An electric eel (D:8)
  2 bombardier beetles
  A jelly (D:6)
  2 orc priests
  Crazy Yiuf (D:4)
  2 gnoll boudas
  10 hounds
  Terence (D:3)
  3 iguanas
  2 sleepcaps
  7 orc wizards
  Robin (D:2)
  14 gnolls
  5 adders
  A shadow imp (D:6)
  2 white imps (D:7)
  22 orcs
  2 ball pythons (D:2)
  5 endoplasms
  2 giant cockroaches (D:2)
  18 goblins
  8 hobgoblins
  3 jackals (D:1)
  10 quokkas
  5 bats
  4 frilled lizards
  8 kobolds
  4 rats
166 creatures vanquished.

Vanquished Creatures (collateral kills)
  An orc priest (D:8)
  A goblin (D:2)
  A rat (D:2)
3 creatures vanquished.

Vanquished Creatures (others)
  A yak zombie (D:8)
1 creature vanquished.

Grand Total: 170 creatures vanquished

Notes
Turn   | Place    | Note
-------+----------+-------------------------------------------
     0 | D:1      | stipulation the Vine Stalker Necromancer began the quest
                  | for the Orb.
     0 | D:1      | Reached XP level 1. HP: 9/9 MP: 4/4
   162 | D:1      | Noticed a glass eye
   168 | D:1      | Found a faded altar of an unknown god.
   179 | D:1      | Reached XP level 2. HP: 13/13 MP: 1/6
   185 | D:1      | Noticed an eye of devastation
   262 | D:1      | Noticed a glass eye
   262 | D:1      | Noticed a golden eye
   741 | D:1      | Reached XP level 3. HP: 16/16 MP: 4/8
  1119 | D:2      | Found a shimmering blue altar of Sif Muna.
  1147 | D:2      | Learned a level 3 spell: Vampiric Draining
  1277 | D:2      | Found Joomoist's Distillery.
  1287 | D:2      | Bought a potion of curing for 39 gold pieces
  1294 | D:2      | Reached XP level 4. HP: 21/21 MP: 8/10
  1322 | D:2      | Noticed Robin
  1693 | D:2      | Reached skill level 5 in Necromancy
  1831 | D:2      | Killed Robin
  2154 | D:3      | Noticed Terence
  2166 | D:3      | Killed Terence
  2167 | D:3      | Reached XP level 5. HP: 13/24 MP: 4/11
  2320 | D:3      | Found Gagris's Antique Armour Shoppe.
  2757 | D:4      | Reached skill level 1 in Staves
  2757 | D:4      | Reached skill level 1 in Evocations
  2775 | D:4      | Noticed a water moccasin
  2789 | D:4      | Killed a water moccasin
  2790 | D:4      | Reached XP level 6. HP: 21/28 MP: 0/13
  3287 | D:4      | Noticed a water moccasin
  3296 | D:4      | Killed a water moccasin
  3297 | D:4      | Reached XP level 7. HP: 9/32 MP: 1/14
  3473 | D:4      | Found Eceiq's Armour Shoppe.
  3514 | D:4      | Learned a level 4 spell: Animate Dead
  3520 | D:4      | Learned a level 5 spell: Curse of Agony
  3804 | D:4      | Found a runed translucent door.
  3805 | D:4      | Noticed Crazy Yiuf
  3812 | D:4      | Killed Crazy Yiuf
  3909 | D:5      | Entered Level 5 of the Dungeon
  4302 | D:5      | Reached skill level 5 in Spellcasting
  4428 | D:5      | Gained mutation: You have razor-sharp teeth. [Vine Stalker
                  | growth]
  4428 | D:5      | Reached XP level 8. HP: 36/36 MP: 2/16
  4790 | D:2      | Bought a potion of haste for 130 gold pieces
  5722 | D:6      | Found a runed translucent door.
  5726 | D:6      | Found a runed translucent door.
  7349 | D:7      | Found a staircase to the Ecumenical Temple.
  7377 | D:7      | Reached XP level 9. HP: 34/39 MP: 0/19
  7392 | Temple   | Entered the Ecumenical Temple
  7754 | D:7      | Found Ureucuong's Elemental Accessories.
  8001 | D:8      | Found an ancient bone altar of Kikubaaqudgha.
  8243 | D:8      | Found a faded altar of an unknown god.
  8243 | D:8      | Found a faded altar of an unknown god.
  8251 | D:8      | Found a hazy altar of Hepliaklqana.
  8276 | D:8      | Found a glowing golden altar of the Shining One.
  8277 | D:8      | Found a blossoming altar of Fedhas.
  8405 | D:8      | Found a staircase to the Lair.
  8542 | D:8      | Became a worshipper of Kikubaaqudgha
  8634 | D:8      | Reached XP level 10. HP: 43/44 MP: 5/24
  8783 | D:8      | Killed from afar by a steam dragon

Illustrated notes

Levels and vault maps discovered:
D:1:      evilmike_arrival_crescent, layout_basic,
          hellmonk_ecumenical_altar_watching_god
D:2:      layout_rooms, serial_shops, shop, basic_altar, uniq_robin
D:3:      layout_rooms, serial_shops, shop, grunt_ministairs_4,
          kennysheep_decorative_pillar, minmay_misc_feat_enclosed,
          guppyfry_early_orc_mine, uniq_terence
D:4:      layout_basic, serial_shops, nicolae_diamond_shop, nicolae_titane,
          uniq_crazy_yiuf_cottage
D:5:      lemuel_ice_spiral_2, layout_basic, corexii_shack
D:6:      lemuel_insect_pit, layout_basic
D:7:      layout_basic, minmay_temple_entry_slanted, nicolae_elemental_shop
D:8:      layout_loops_ring, chequers_temple_overflow_minitemple,
          kiku_gazebo_garden_becter, lair_entry_dummy, chequers_big_river
Temple:   dpeg_three_leaves_temple

Skill      XL: |  1  2  3  4  5  6  7  8  9 |
---------------+----------------------------+-----
Spellcasting   | 3 4 5 6 9 |  9.2
Necromancy     | 5 6 7 9 |  9.8
Staves         | 1 2 3 4 |  4.0
Evocations     | 1 2 3 4 |  4.0
Dodging        | |  1.5
Stealth        | |  2.4

Action                     |  1- 3 |  4- 6 |  7- 9 | 10-12 || total
---------------------------+-------+-------+-------+-------++-------
  Melee: Unarmed           |    26 |       |     6 |       ||    32
         Bite              |    14 |    28 |    89 |     2 ||   133
         Dagger            |    18 |    29 |       |       ||    47
         Staff             |       |    86 |   221 |     4 ||   311
         Punch             |       |     2 |     4 |       ||     6
   Cast: Necrotise         |    54 |    51 |   132 |     2 ||   239
         Vampiric Draining |       |     5 |    32 |     2 ||    39
         Animate Dead      |       |       |     1 |       ||     1
  Evoke: Wand              |       |       |       |     1 ||     1
    Use: Scroll            |       |     5 |       |       ||     5
   Stab: Sleeping          |     1 |     1 |     1 |       ||     3
         Distracted        |       |       |     1 |       ||     1
 Armour: Robe              |    35 |    84 |   166 |    13 ||   298
  Dodge: Dodged            |    37 |    87 |   165 |     1 ||   290
